 Dungeon Crawl Stone Soup version 0.30-a0-1016-gfb0d676c02 (webtiles) character file.

Game seed: 7274448638827660062

30 Demosthentine the Poker (level 3, 28/28 HPs)
             Began as a Demonspawn Gladiator on Apr 6, 2023.
             Got out of the dungeon alive.
             The game lasted 00:01:19 (919 turns).

Demosthentine the Poker (Demonspawn Gladiator)       Turns: 919, Time: 00:01:19

Health: 28/28      AC:  7    Str: 16    XL:     3   Next: 3%
Magic:  3/3        EV: 12    Int:  9    God:
Gold:   48         SH:  0    Dex: 14    Spells: 2/2 levels left

rFire   . . .      SeeInvis .    a - +1 trident
rCold   . . .      Faith    .    (no shield)
rNeg    . . .      Spirit   .    b - +0 leather armour
rPois   .          Reflect  .    c - +0 helmet
rElec   .          Rampage  .    (no cloak)
rCorr   .                        k - +0 pair of gloves
Will    .....                    (no boots)
Stlth   +                        (no amulet)
HPRegen 0.24/turn                (no ring)
MPRegen 0.08/turn                (no ring)

@: no status effects
A: claws 1, slimy green scales 1
a: no special abilities


You escaped.
You visited 1 branch of the dungeon, and saw 2 of its levels.

You collected 48 gold pieces.

Inventory:

Hand Weapons
 a - a +1 trident (weapon)
Missiles
 d - 3 throwing nets (quivered)
 e - a javelin
Armour
 b - a +0 leather armour (worn)
 c - a +0 helmet (worn)
 k - a +0 pair of gloves (worn)
Jewellery
 j - an amulet of faith
Potions
 f - a potion of resistance
 h - a potion of brilliance {unknown}
 l - a potion of berserk rage {unknown}
 n - a potion of curing {unknown}


   Skills:
 + Level 2.4 Fighting
 + Level 3.0 Polearms
 - Level 1.7 Throwing
 + Level 1.1 Armour
 + Level 3.0 Dodging


You had 2 spell levels left.
You didn't know any spells.
Your spell library was empty.

Dungeon Overview and Level Annotations

Branches:
Dungeon (2/15)

Altars:
Wu Jian


Innate Abilities, Weirdness & Mutations

You have sharp fingernails.
You are partially covered in slimy green scales. (AC +2)


Message History

Your Polearms skill increases to level 3!
Your Armour skill increases to level 1!
Your Dodging skill increases to level 3!
You have reached level 3!
Your experience leads to an increase in your attributes!
Increase (S)trength, (I)ntelligence, or (D)exterity?
You feel stronger. x2; Your demonic ancestry asserts itself...
Your fingernails lengthen.
HP restored.
You see here an adder corpse.
Found an ornate altar of the Wu Jian Council.
A ball python comes into view.
Found 4 stones.
The ball python hisses angrily.
A ball python is nearby!
A ball python is nearby!
You reach to attack!
You puncture the ball python!
You kill the ball python!
No target in view!
No target in view!
No target in view!
(D) Dungeon
Where to? (Enter - D:2, ? - help)
What level of the Dungeon? (default 1, ? - help)
There is a stone staircase leading up here.
You climb upwards.
There is a stone staircase leading down here.
Press: ? - help, . - travel You can't see that place. [a staircase leading out of the dungeon.]
There is a huge open gate here.
The kobold shouts!
There is an open gate here.
The goblin shouts!
There is a staircase leading out of the dungeon here.
You can't go down here!
Are you sure you want to leave the Dungeon?
This will make you lose the game!
Alright, then stay!
Are you sure you want to leave the Dungeon?
This will make you lose the game!
You have escaped!

..# #.......# ..#
######.......###### ..###
#.................. ....#
####.######.......####
...)########....############.# #
....##.....................#.# #
######.....................#.# #
######..#################..#.####
........#≈≈≈≈≈≈≈@§§≈≈≈≈§#..#....#
#####...#≈≈§≈≈≈≈§≈§≈≈≈§§#...###.#
...##...#≈≈≈≈...§§§.≈§§§#.....#.#
.#.##...#≈≈...........§§#.....#.#
##.##...#≈.............≈#..#.....
##.##...#≈.............≈#..#.##.#
...##...###..8.###.8..###..#.....
...##...#g#...........#K#..#####.
...##...#######'''#######..##.##.


You could see a goblin and a kobold.

Vanquished Creatures
  An adder (D:2)
  3 ball pythons
  2 bats (D:1)
  2 endoplasms
  2 giant cockroaches (D:1)
  3 goblins (D:1)
  3 hobgoblins (D:1)
  A frilled lizard (D:1)
  A rat (D:1)
18 creatures vanquished.

Notes
Turn   | Place    | Note
-------+----------+-------------------------------------------
     0 | D:1      | Demosthentine the Demonspawn Gladiator began the quest for
                  | the Orb.
     0 | D:1      | Reached XP level 1. HP: 16/16 MP: 1/1
   339 | D:1      | Gained mutation: You are partially covered in slimy green
                  | scales. (AC +2) [demonic ancestry]
   339 | D:1      | Reached XP level 2. HP: 22/22 MP: 2/2
   819 | D:2      | Reached skill level 1 in Armour
   819 | D:2      | Gained mutation: You have sharp fingernails. [demonic
                  | ancestry]
   819 | D:2      | Reached XP level 3. HP: 25/28 MP: 3/3
   841 | D:2      | Found an ornate altar of the Wu Jian Council.
   919 | D:$      | Got out of the dungeon alive.

Illustrated notes

Levels and vault maps discovered:
D:1:      lordsloth_arrival_two_stooges, layout_basic
D:2:      layout_basic, serial_shops, nicolae_square_shop, basic_altar,
          corexii_hall_statues_t, interstate_on_off, uniq_jessica

Skill      XL: |  1  2 |
---------------+-------+-----
Polearms       | 3 |  3.0
Armour         | 1 |  1.1
Dodging        | 3 |  3.0
Fighting       | |  2.4
Throwing       | |  1.7

Action                     || total
---------------------------++-------
  Melee: Trident           ||    72
    Use: Scroll            ||     3
   Stab: Sleeping          ||     2
 Armour: Leather armour    ||    26
  Dodge: Dodged            ||    37

Table legend: (Time is in decaauts)
 A = Elapsed time spent in this place.
 B = Non-inter-level travel time spent in this place.
 C = Inter-level travel time spent in this place.
 D = Time resting spent in this place.
 E = Time spent auto-exploring this place.
 F = Levels seen in this place.
 G = Mean time per level.
                   A        B        C        D        E       F      G
               +--------+--------+--------+--------+--------+-----+--------+
         Total |    930 |    863 |     67 |      0 |    684 |   2 |  465.0 |
       Dungeon |    930 |    863 |     67 |      0 |    684 |   2 |  465.0 |
               +--------+--------+--------+--------+--------+-----+--------+

Top non-repeatable levels by time:
     D:1: 829 daAuts
     D:2: 100 daAuts
